Map: [ESL] Hecate

Players

cyan

  • Race: Protoss Protoss
  • League: Grandmaster
  • Spawn Location: 7:00

lIlIllllllll (TY) - Winner!

  • Race: Terran Terran
  • League: Master
  • Spawn Location: 1:00

Event: IEM Katowice 2024

VOD

Have the link to the VOD?

Description

Time

  • Played on: Dec. 5, 2023, 5:12 a.m.
  • Length: 9:11

All games in this series

Show
View Real Time Build Order
Export as new Build Order

cyan Protoss 

Build Orders: 1 Gate Expand, Blink Stalkers 

Get SALT Encoding   

  12  0:00  Probe  
  13  0:12  Probe  
  14  0:16  Pylon  
  14  0:24  Probe (Chrono Boost)  
  15  0:36  Gateway  
  15  0:37  Probe (Chrono Boost)  
  16  0:44  Probe (Chrono Boost)  
  16  0:47  Assimilator  
  17  0:51  Probe  
  18  1:03  Probe  
  19  1:15  Probe  
  20  1:22  Nexus  
  20  1:31  Cybernetics Core  
  20  1:34  Probe  
  20  1:39  Assimilator  
  21  1:46  Probe  
  22  1:49  Pylon  
  22  1:58  Probe  
  23  2:05  Adept (Chrono Boost)  
  25  2:09  Warp Gate  
  25  2:10  Probe  
  26  2:16  Twilight Council  
  26  2:23  Probe (Chrono Boost)  
  26  2:27  Stalker  
  29  2:35  Probe (Chrono Boost)  
  29  2:36  Probe (Chrono Boost)  
  31  2:43  Probe (Chrono Boost)  
  31  2:44  Probe (Chrono Boost)  
  33  2:48  Blink (Chrono Boost)  
  33  2:49  Probe x2 (Chrono Boost)  
  35  3:00  Stalker  
  35  3:02  Probe  
  35  3:03  Probe  
  39  3:14  Probe  
  39  3:15  Probe  
  41  3:20  Gateway  
  41  3:24  Gateway  
  41  3:25  Shield Battery  
  41  3:26  Probe  
  40  3:28  Probe  
  41  3:34  Robotics Facility  
  41  3:39  Probe  
  41  3:40  Probe  
  43  3:42  Pylon  
  43  3:46  Assimilator  
  43  3:49  Pylon  
  43  3:51  Probe  
  43  3:52  Probe  
  45  4:01  Stalker  
  47  4:03  Probe  
  44  4:17  Stalker  
  44  4:19  Stalker  
  47  4:25  Stalker  
  47  4:27  Probe x2  
  47  4:31  Immortal  
  53  4:35  Shield Battery  
  53  4:41  Pylon, Stalker  
  53  4:42  Stalker  
  57  4:49  Stalker  
  59  4:58  Nexus  
  59  5:02  Pylon  
  59  5:03  Probe  
  59  5:04  Warp Prism, Probe  
  59  5:15  Charge (Chrono Boost)  
  59  5:17  Probe  
  59  5:18  Probe  
  63  5:25  Sentry x2  
  67  5:31  Gateway  
  67  5:32  Probe  
  67  5:33  Gateway  
  67  5:35  Probe  
  69  5:40  Gateway  
  69  5:43  Observer  
  69  5:45  Probe  
  71  5:53  Gateway  
  71  5:55  Probe  
  71  5:56  Gateway  
  72  6:01  Probe (Chrono Boost)  
  73  6:06  Observer, Stalker  
  73  6:09  Stalker  
  73  6:10  Pylon  
  78  6:12  Probe (Chrono Boost)  
  78  6:16  Shield Battery  
  78  6:17  Sentry  
  78  6:18  Probe (Chrono Boost)  
  82  6:23  Pylon, Probe (Chrono Boost)  
  83  6:26  Probe (Chrono Boost)  
  83  6:27  Probe (Chrono Boost)  
  83  6:28  Observer, Shield Battery  
  86  6:35  Pylon  
  86  6:40  Probe  
  86  6:42  Probe x2  
  86  6:44  Gateway  
  86  6:46  Templar Archives  
  89  6:49  Zealot x2  
  89  6:50  Zealot, Assimilator  
  89  6:52  Probe  
  97  6:54  Probe  
  97  6:58  Zealot x4  
  103  7:04  Probe  
  103  7:05  Probe  
  103  7:06  Probe  
  103  7:07  Forge  
  106  7:08  Forge  
  106  7:11  Assimilator  
  106  7:17  Probe  
  106  7:18  Psionic Storm, Probe  
  108  7:23  Pylon  
  108  7:26  Probe  
  108  7:29  High Templar  
  110  7:40  Nexus  
  110  7:41  High Templar  
  110  7:43  Pylon  
  110  7:45  Pylon  
  110  7:50  Zealot x5  
  116  7:58  Probe  
  116  7:59  High Templar  
  116  8:01  Probe x2  
  117  8:09  Immortal  
  117  8:10  Probe  
  122  8:13  Probe  
  122  8:16  Zealot x6  
  115  8:21  Shield Battery, Probe  
  115  8:23  Photon Cannon, Probe  
  117  8:30  High Templar x2  
  117  8:32  Photon Cannon, Shield Battery  
  117  8:34  Pylon  
  121  8:36  Probe  
  122  8:46  Stalker x4  
  131  8:49  Zealot x2  
  131  8:51  Pylon  
  125  8:58  Archon  
  125  9:01  Zealot  
  125  9:02  Pylon  
Show
View Real Time Build Order
Export as new Build Order

lIlIllllllll Terran - Winner!

Build Orders:  

Get SALT Encoding   

  12  0:00  SCV  
  13  0:12  SCV  
  14  0:17  Supply Depot  
  14  0:24  SCV  
  15  0:39  SCV  
  15  0:40  Barracks  
  16  0:43  Refinery  
  16  0:51  SCV  
  17  1:03  SCV  
  18  1:15  SCV  
  19  1:27  Marine  
  19  1:28  Orbital Command  
  20  1:39  Command Center  
  20  1:49  Factory  
  20  1:54  SCV  
  21  1:59  Supply Depot  
  21  2:03  Barracks Reactor  
  21  2:06  SCV  
  22  2:12  Bunker  
  22  2:18  SCV  
  23  2:30  SCV  
  24  2:42  Hellion x2  
  28  2:44  Marine  
  28  2:45  SCV  
  30  2:51  Orbital Command  
  30  2:57  SCV  
  31  3:03  Cyclone x2  
  35  3:09  SCV  
  36  3:17  SCV  
  37  3:21  SCV  
  37  3:23  Supply Depot  
  38  3:29  SCV  
  38  3:33  Command Center  
  39  3:35  Cyclone x2  
  39  3:36  SCV  
  39  3:39  Barracks Tech Lab  
  44  3:42  SCV  
  45  3:49  SCV  
  45  3:54  SCV  
  45  3:55  Supply Depot  
  47  4:01  SCV  
  48  4:09  Marauder  
  54  4:19  SCV  
  54  4:20  SCV  
  50  4:30  Marauder  
  45  4:31  Barracks  
  45  4:32  Barracks, Stimpack, SCV x2  
  45  4:35  Refinery  
  45  4:36  Refinery  
  47  4:40  Factory Tech Lab  
  47  4:41  Bunker  
  47  4:44  SCV x2  
  49  4:46  Orbital Command, Engineering Bay  
  50  4:56  SCV x2  
  53  5:00  Marine  
  53  5:04  Barracks  
  53  5:06  Barracks  
  52  5:08  SCV x2  
  52  5:10  Siege Tank  
  53  5:16  SCV  
  53  5:18  Marine  
  53  5:19  Barracks Reactor  
  53  5:20  SCV  
  56  5:22  SCV  
  56  5:24  Refinery  
  56  5:28  Marine, SCV, Supply Depot  
  58  5:29  Supply Depot, Marine  
  58  5:32  SCV  
  58  5:34  SCV  
  62  5:37  Marauder  
  62  5:38  Terran Infantry Weapons Level 1  
  62  5:40  SCV  
  62  5:42  Supply Depot  
  65  5:43  Supply Depot  
  65  5:44  SCV  
  65  5:46  Marine  
  65  5:49  Marine  
  68  5:50  Starport  
  68  5:53  Barracks Reactor  
  68  5:55  SCV  
  68  5:57  Supply Depot  
  69  5:59  Missile Turret  
  69  6:00  Marine x2  
  69  6:02  SCV  
  74  6:07  Marine  
  74  6:08  Marine  
  74  6:09  Marauder  
  74  6:10  Marauder  
  79  6:12  Orbital Command  
  79  6:14  SCV x2  
  79  6:16  Supply Depot  
  79  6:18  Marine x2  
  81  6:19  Factory Reactor, Supply Depot  
  81  6:23  Combat Shield, Concussive Shells  
  81  6:25  Marine x2  
  83  6:29  Missile Turret  
  83  6:30  Marine x4  
  83  6:31  Missile Turret  
  87  6:33  Medivac  
  87  6:36  Marine  
  87  6:37  Orbital Command  
  87  6:40  Marine  
  87  6:42  Missile Turret, Marine  
  87  6:43  SCV, Marine  
  87  6:45  Ghost Academy  
  91  6:59  Marine x4  
  101  7:01  Marauder x2  
  101  7:03  Supply Depot, Marine x2  
  101  7:10  Orbital Command  
  101  7:11  Medivac x2  
  107  7:17  Marine x4  
  107  7:21  Marine  
  110  7:26  Marine  
  115  7:35  Marine x2  
  116  7:44  Medivac  
  116  7:46  Viking, Marine  
  116  7:47  Marine  
  116  7:48  Missile Turret  
  122  7:52  Marine x2  
  122  7:53  Marine  
  122  7:54  Unknown x2  
  123  8:02  Marine x2  
  127  8:10  Marine x4  
  129  8:20  Marine x3, Medivac  
  129  8:24  SCV x3  
  137  8:27  Marine  
  137  8:28  Marine x2  
  137  8:32  Unknown  
  137  8:33  Marine  
  141  8:42  Marine x3  
  141  8:43  Marauder  

Tags
 
Add a new tag
Caveats
  • Supply blocks, unpowered buildings, or Contaminate may cause inaccurate times.
  • Supply counts are checked every 10 seconds.